[Event "Early-Titled-Tuesday-Blitz-March-05-2024"]
[Site "Chess.com"]
[Date "2024.03.05"]
[Round "4"]
[White "Sajith_Peiris"]
[Black "Ajedrez_con_German"]
[Result "0-1"]
[WhiteElo "2234"]
[BlackElo "2576"]
[TimeControl "180+1"]
[EndTime "8:42:28 PST"]
[Termination "Ajedrez_con_German won by checkmate"]

1. e4 e6 2. d4 d5 3. Nd2 dxe4 4. Nxe4 Bd7 5. Nf3 Bc6 6. Ng3 Nd7 7. Bd3 Ngf6 8. Bd2 g6 9. c3 Bg7 10. Qc2 Bxf3 11.
gxf3 c6 12. O-O-O Nd5 13. Ne4 N7f6 14. c4 Ne7 15. Bc3 Nf5 16. Nxf6+ Bxf6 17. Bxf5 exf5 18. Rhe1+ Kf8 19. Kb1 Kg7 20. Rg1 Qd7 21. d5 Qd6 22. c5 Qe7 23. d6 Qd8 24. h4 b6 25. h5 Re8 26. d7 Re6 27. hxg6 hxg6 28. Qxf5 Bxc3 29.
bxc3 bxc5 30. Qxc5 Qf6 31. Rd3 Rd8 32. Rgd1 Re5 33.
Qxa7 Rb5+ 34. Ka1 Rd5 35. Qc7 R8xd7 36. Qxd7 Rxd7 37. Rxd7 Qxc3+ 38. Kb1 Qb4+ 39. Ka1 Qc3+ 40. Kb1 Qxf3 41. R1d2 c5 42. Kb2 c4 43. Kc2 Qa3 44. Kd1 c3 45. Rc2 Qa4 46. Rd3 Qg4+ 47. Ke1 Qg1+ 48. Ke2 Qg4+ 49. f3 Qg2+ 50. Kd1 Qf1# 0-1

[Event "Early-Titled-Tuesday-Blitz-March-05-2024"]
[Site "Chess.com"]
[Date "2024.03.05"]
[Round "4"]
[White "Chernov_Mikhail"]
[Black "ProChessWICTH"]
[Result "0-1"]
[WhiteElo "2355"]
[BlackElo "2625"]
[TimeControl "180+1"]
[EndTime "8:42:29 PST"]
[Termination "ProChessWICTH won by resignation"]

1. e4 c5 2. c3 e6 3. d4 cxd4 4. cxd4 d5 5. e5 Ne7 6. Nf3 Nbc6 7. a3 Nf5 8. b4 Be7 9. Bb2 O-O 10.
Bd3 f6 11. O-O fxe5 12. Nxe5 Nxe5 13. dxe5 Bd7 14. Nc3 Rc8 15. Rc1 Qb6 16. Ne2 Rxc1 17. Qxc1 a5 18. bxa5 Qxa5 19. Qc3 Qxc3 20. Nxc3 Bc5 21.
Bb5 Bxb5 22. Nxb5 Ne3 23. Rc1 Nc4 24. Bd4 Bxd4 25. Nxd4 Kf7 26. Rb1 b6 27. Rb3 Ra8 28. Rf3+ Ke7 29. Rg3 g6 30. Nc2 Nxe5 31. Rh3 Rc8 32.
Rxh7+ Kd6 33. Ne3 Rc1+ 34. Nf1 Nc4 35. g3 Nd2 36. Kg2 Nxf1 37. Rh6 Nd2 38. Rxg6 Ne4 39. h4 Rc2 40. h5 Rxf2+ 41. Kg1 Rf8 42. h6 Rh8 43. g4 Ke5 44. Kg2 Kf4 45. Kh3 d4 46.
Kh4 Ke3 47. Rxe6 d3 48. g5 d2 49. g6 Rxh6+ 50. Kg4 d1=Q+ 0-1

[Event "Early-Titled-Tuesday-Blitz-March-05-2024"]
[Site "Chess.com"]
[Date "2024.03.05"]
[Round "4"]
[White "BillCoe"]
[Black "Rosh1610"]
[Result "1-0"]
[WhiteElo "2123"]
[BlackElo "2429"]
[TimeControl "180+1"]
[EndTime "8:42:29 PST"]
[Termination "BillCoe won by resignation"]

1. e4 e5 2. Nf3 Nc6 3. Bb5 a6 4. Ba4 Nf6 5. O-O b5 6. Bb3 Nxe4 7. Re1 Nc5 8. Nxe5 Nxe5 9. Rxe5+ Be7 10. d4 d6 11. Re1 Nxb3 12. axb3 O-O 13. Bf4 Bb7 14. c4 Bg5 15. Qd2 Bxf4 16. Qxf4 Re8 17. Nc3 Qd7 18.
d5 Rxe1+ 19. Rxe1 Re8 20. Rxe8+ Qxe8 21. Qe4 Qd7 22. h3 b4 23. Ne2 c5 24. Ng3 g6 25.
Qf4 f5 26. Nf1 Qe7 27. Ne3 Bc8 28. g4 fxg4 29. hxg4 Kg7 30. f3 h6 31. Kg2 Bd7 32.
Kf2 Qf6 33. Qxf6+ Kxf6 34. f4 h5 35. g5+ Kf7 36. Kg3 a5 37. Kh4 Kg7 38. Kg3 a4 39. bxa4 Bxa4 40. Kh4 Bd7 41. Kg3 Kf7 42. Kh4 Kg7 43.
Kg3 Bc8 44. Kh4 b3 45. Kg3 Ba6 46. Kh4 Kf7 47. Kg3 Ke7 48. Kh4 Ke8 49. Kg3 Kd7 50. Kh4 Ke7 51. Kg3 Bc8 52. Kh4 Bd7 53. Kg3 Kf7 54. Kh4 Kg7 55. Kg3 Bf5 56. Kh4 Bd3 57.
Kg3 Kf7 58. Kh4 Ke7 59. Kg3 Kd7 60. Kh4 Kc7 61. f5 gxf5 62. Kxh5 f4 63. Ng4 Kd7 64. g6 Ke7 65. Kh6 f3 66. g7 f2 67. Nxf2 Kf7 68.
Nxd3 Kg8 69. Nc1 Kf7 70. Nxb3 Kg8 71. Nxc5 Kf7 1-0

[Event "Early-Titled-Tuesday-Blitz-March-05-2024"]
[Site "Chess.com"]
[Date "2024.03.05"]
[Round "4"]
[White "Seochesspie"]
[Black "WilsonPalencia21"]
[Result "1-0"]
[WhiteElo "2823"]
[BlackElo "2575"]
[TimeControl "180+1"]
[EndTime "8:42:30 PST"]
[Termination "Seochesspie won on time"]

1. d4 Nf6 2. c4 c5 3. d5 e6 4. Nc3 exd5 5. cxd5 d6 6. g3 g6 7. Bg2 Bg7 8. Nf3 O-O 9. O-O Re8 10. Re1 Ne4 11.
Nxe4 Rxe4 12. Nd2 Re8 13. Ne4 Bf5 14. Nc3 a6 15. a4 Bc8 16. Bf4 Nd7 17. Qc2 Ne5 18.
Rac1 Bd7 19. Qd1 b5 20. axb5 axb5 21. Ne4 Bf5 22. Nd2 c4 23. h3 h5 24. Kh2 Ra2 25. b3 cxb3 26. Nxb3 Nc4 27. Nd4 Bd7 28. Nc6 Qa8 29.
Bf3 Bf5 30. Kg2 Qa3 31. e4 Nb2 32. exf5 Nxd1 33. Rxe8+ Kh7 34. fxg6+ fxg6 35. Rxd1 Qc5 36. Be3 Qc2 37. Rd2 Qb1 38. Rxa2 Qxa2 39. Be4 Qc4 40. Re6 Kg8 41. Ne7+ Kf7 42. Bxg6+ Kf8 43. Kh2 h4 44. Nf5 hxg3+ 45. Kxg3 1-0

[Event "Early-Titled-Tuesday-Blitz-March-05-2024"]
[Site "Chess.com"]
[Date "2024.03.05"]
[Round "4"]
[White "kinga2008"]
[Black "mary-sanna"]
[Result "0-1"]
[WhiteElo "2400"]
[BlackElo "2215"]
[TimeControl "180+1"]
[EndTime "8:42:30 PST"]
[Termination "mary-sanna won by resignation"]

1. e4 c5 2. Nf3 Nc6 3. g3 g6 4. Bg2 Bg7 5. O-O Nf6 6. Re1 O-O 7. Nc3 e5 8. Nd5 Re8 9. c4 Nxd5 10. exd5 Nd4 11. d3 d6 12. Nxd4 exd4 13. Bf4 Bf5 14.
Qb3 Qd7 15. f3 h5 16. Bf1 Kh7 17. a4 Bh6 18. Bxh6 Kxh6 19. Qc2 Rxe1 20. Rxe1 Re8 21. Qd2+ Kg7 22. b3 Re7 23. Kf2 Qe8 24. Rxe7 Qxe7 25. Qf4 b6 26. Be2 f6 27. g4 hxg4 28. fxg4 Bd7 29.
h4 g5 30. hxg5 fxg5 31. Qd2 Qf6+ 32. Kg2 Qe5 33. Bf3 Be8 34. Be4 Bd7 35. Qe2 Qf4 36. Bf3 Kf7 37. Kh3 Kf6 38. Bg2 Qe3+ 39. Bf3 Ke5 40.
Kg3 Bc8 41. Qh2 Qf4+ 42. Kg2 Qxh2+ 43. Kxh2 Kf4 44. Kh3 Kxf3 0-1

[Event "Early-Titled-Tuesday-Blitz-March-05-2024"]
[Site "Chess.com"]
[Date "2024.03.05"]
[Round "4"]
[White "Caroexpert"]
[Black "pr1105"]
[Result "1-0"]
[WhiteElo "2621"]
[BlackElo "2358"]
[TimeControl "180+1"]
[EndTime "8:42:31 PST"]
[Termination "Caroexpert won on time"]

1. Nf3 d5 2. d4 Nf6 3. Bf4 Bf5 4. e3 e6 5. c4 Nc6 6. Nc3 Bb4 7. Be2 O-O 8. O-O h6 9. h3 Re8 10. Rc1 a6 11. Qb3 Bd6 12. c5 Bxf4 13. exf4 Rb8 14. Qa4 Ne4 15. Rfd1 Qf6 16. Ne5 Nxe5 17. dxe5 Qh4 18.
Nxe4 dxe4 19. g4 Bg6 20. Qa3 Red8 21. Qe3 Rxd1+ 22. Rxd1 Rd8 23. Kg2 Rxd1 24. Bxd1 Qd8 25. Bb3 Kf8 26. Bc4 Qd7 27. b4 Qa4 28. Qb3 Qc6 29. a3 b6 30. Qe3 bxc5 31. Qxc5+ Qxc5 32. bxc5 a5 33. Kf1 Ke7 34. Ke2 f6 35. Ke3 f5 36.
Bb5 h5 37. g5 Be8 38. c6 Kd8 39. h4 Kc8 40. Kd4 Kb8 41. Kc5 Ka7 42. Bc4 1-0

[Event "Early-Titled-Tuesday-Blitz-March-05-2024"]
[Site "Chess.com"]
[Date "2024.03.05"]
[Round "4"]
[White "Sina_Movahed"]
[Black "Miguelito"]
[Result "1-0"]
[WhiteElo "3041"]
[BlackElo "2835"]
[TimeControl "180+1"]
[EndTime "8:42:32 PST"]
[Termination "Sina_Movahed won by resignation"]

1. Nf3 d5 2. c4 e6 3. g3 dxc4 4. Bg2 a6 5. Na3 b5 6. d3 cxd3 7. Ne5 Ra7 8. O-O Nf6 9. exd3 Bb7 10. Bxb7 Rxb7 11. Nc2 Be7 12. d4 O-O 13. Ne3 c5 14.
Qf3 Rc7 15. dxc5 Rxc5 16. Rd1 Qc8 17. Nd3 Rc7 18. Bd2 Nc6 19. Bc3 b4 20. Bxf6 Bxf6 21. Qe4 g6 22. Rac1 Rd8 23. Qf4 Bg7 24. Nxb4 Rxd1+ 25. Rxd1 Nxb4 26. Qxb4 Rb7 27. Qa5 Rb8 28. b3 Bf6 29. Rd6 Ra8 30. Nc4 h5 31. h4 Qb7 32. Rb6 Qf3 33. Rd6 Kg7 34. Qc7 Re8 35. Rd7 Rf8 36. Nd6 Bxh4 37. Nxf7 Rxf7 38. Rxf7+ Qxf7 39. Qxf7+ Kxf7 40. gxh4 g5 41. hxg5 Kg6 42. f4 e5 43. a4 exf4 44. b4 Kxg5 45. a5 Kg4 46. b5 f3 47. bxa6 f2+ 48. Kxf2 1-0

[Event "Early-Titled-Tuesday-Blitz-March-05-2024"]
[Site "Chess.com"]
[Date "2024.03.05"]
[Round "4"]
[White "Bilan_Danila"]
[Black "GianmarcoVaR"]
[Result "0-1"]
[WhiteElo "2538"]
[BlackElo "2754"]
[TimeControl "180+1"]
[EndTime "8:42:33 PST"]
[Termination "GianmarcoVaR won on time"]

1. d4 Nf6 2. Nf3 g6 3. Bg5 Bg7 4. c3 O-O 5. Nbd2 d5 6. e3 Nbd7 7. Be2 b6 8. a4 a6 9. a5 b5 10. b4 Qe8 11. Bf4 c6 12. Ne5 Nxe5 13. Bxe5 Bh6 14.
h4 Nd7 15. Bf4 Bg7 16. Nf3 f6 17. h5 e5 18. Bg3 e4 19. Nd2 f5 20. hxg6 hxg6 21. Bd6 Rf7 22. Nb3 Qe6 23. Bf4 Qf6 24. Nc5 Nxc5 25. bxc5 g5 26. Be5 Qe6 27. Bxg7 Rxg7 28.
Qd2 Raa7 29. O-O-O Rh7 30. Kb2 Rh6 31. Ka3 Rah7 32. Qc1 Rh2 33. Rdg1 Bd7 34. Kb4 Be8 35. Qe1 Bf7 36. Rxh2 Rxh2 37. g3 Qh6 38. Qf1 Kf8 39.
Bd1 Ke7 40. Be2 Ke6 41. Bd1 Bh5 42. Rh1 Bxd1 43. Rxh2 Qxh2 44. Qxd1 Qxf2 45. g4 f4 46. Kb3 Qf3 47. Qe1 fxe3 0-1

[Event "Early-Titled-Tuesday-Blitz-March-05-2024"]
[Site "Chess.com"]
[Date "2024.03.05"]
[Round "4"]
[White "Rud_2008"]
[Black "Juicy_Fork"]
[Result "1-0"]
[WhiteElo "2734"]
[BlackElo "2537"]
[TimeControl "180+1"]
[EndTime "8:42:34 PST"]
[Termination "Rud_2008 won on time"]

1. e4 e5 2. Nf3 Nc6 3. Bc4 Nf6 4. d3 Bc5 5. Bg5 h6 6. Bh4 O-O 7. a3 Be7 8. Nc3 d6 9. h3 Be6 10. Qd2 Bxc4 11. Bxf6 Be6 12. Bxe7 Nxe7 13. g4 Ng6 14.
O-O-O Qf6 15. Qe2 Nf4 16. Qf1 Ng6 17. Qg2 Nf4 18. Qg3 b5 19. Kb1 a5 20. Nxb5 Rab8 21. Nc3 Qe7 22. d4 d5 23. Ka1 Rxb2 24. Kxb2 Rb8+ 25.
Kc1 dxe4 26. Nxe5 Qxa3+ 27. Kd2 Ng6 28. Rb1 Rd8 29. Nxg6 Rxd4+ 30. Ke1 fxg6 31. Nb5 Qa2 32. Nxd4 Qxb1+ 33. Kd2 Qb4+ 34. Qc3 Qd6 35. Ke3 Bf7 36. Ne2 g5 37. Qd4 Qa3+ 38. c3 Kh7 39. h4 gxh4 40.
Rxh4 Qe7 41. Qxe4+ Qxe4+ 42. Kxe4 a4 43. Rh1 a3 44. Ra1 a2 45. Nc1 1-0

[Event "Early-Titled-Tuesday-Blitz-March-05-2024"]
[Site "Chess.com"]
[Date "2024.03.05"]
[Round "4"]
[White "AlexTruskavetsky"]
[Black "StankovicIvan"]
[Result "1-0"]
[WhiteElo "2694"]
[BlackElo "2515"]
[TimeControl "180+1"]
[EndTime "8:42:34 PST"]
[Termination "AlexTruskavetsky won by resignation"]

1. d4 d5 2. c4 c6 3. Nf3 Nf6 4. e3 a6 5. b3 Bf5 6. Bd3 Bxd3 7.
Qxd3 e6 8. Nbd2 Nbd7 9. O-O Bb4 10. Bb2 O-O 11. e4 dxe4 12. Nxe4 Nxe4 13. Qxe4 Be7 14. Rad1 Bf6 15. Rd2 Qa5 16. a3 Rfe8 17. Rfd1 Qb6 18. Qc2 Rac8 19. Ne5 Qc7 20. Qe4 Rcd8 21.
Nf3 c5 22. Qg4 cxd4 23. Bxd4 e5 24. Be3 Nf8 25. Ng5 Bxg5 26. Bxg5 Rxd2 27. Rxd2 f6 28. Bxf6 Ng6 29. Bg5 Qf7 30. Be3 b5 31. Rd7 Qe6 32.
Qxe6+ Rxe6 33. c5 Ne7 34. b4 Nf5 35. Kf1 Kf8 36. Ke2 Ke8 37. Ra7 h6 38. g4 Ne7 39.
Kd3 e4+ 40. Kc3 Kf7 41. Bf4 Kg6 42. Bd6 Nd5+ 43. Kd4 Nf6 44. h3 h5 45. gxh5+ Nxh5 46. Rxa6 Kf5 47. Ra7 g5 48. a4 bxa4 49. Rxa4 Nf4 50. Ra3 Ne2+ 51. Kc4 Re8 52. b5 Nc1 53. b6 Nd3 54. Rxd3 exd3 55. Kxd3 Ke6 56. b7 Kd5 57.
b8=Q Rxb8 58. Bxb8 Kxc5 59. Ke4 1-0

[Event "Early-Titled-Tuesday-Blitz-March-05-2024"]
[Site "Chess.com"]
[Date "2024.03.05"]
[Round "4"]
[White "yuriydovzik"]
[Black "Happy1712Drummer"]
[Result "1/2-1/2"]
[WhiteElo "2102"]
[BlackElo "2307"]
[TimeControl "180+1"]
[EndTime "8:42:34 PST"]
[Termination "Game drawn by repetition"]

1. Nf3 d5 2. b3 c5 3. e3 Nc6 4. Bb5 Qc7 5. O-O Nf6 6. d4 e6 7. Bb2 cxd4 8. Nxd4 Bd6 9. g3 e5 10. Nxc6 bxc6 11. Be2 h5 12. c4 h4 13. cxd5 hxg3 14. hxg3 Qd7 15. g4 Nxd5 16. Nd2 Qe7 17. Kg2 Bb7 18.
Ne4 Bc7 19. Ng3 O-O-O 20. Rc1 Nxe3+ 21. fxe3 Rxd1 22. Rfxd1 c5+ 23. e4 Bb6 24. Bf3 Qg5 25. Nf5 Qf4 26. Rh1 Rxh1 27. Rxh1 Qd2+ 28. Kg3 Qxb2 29.
Rh8+ Kc7 30. Rf8 f6 31. Rf7+ Kc8 32. Nd6+ Kd8 33. Nxb7+ Ke8 34. Nd6+ Kd8 35. Nb7+ Kc8 36. Nd6+ Kb8 37. Rf8+ Kc7 38. Nc4 Qd4 39. Rf7+ Kd8 40. Rxg7 Qg1+ 41. Bg2 Qe1+ 42. Kf3 Qd1+ 43. Kg3 Qe1+ 44.
Kf3 Qc3+ 45. Kf2 Qc2+ 46. Kg3 Qc3+ 47. Bf3 Qe1+ 48. Kg2 Qc1 49. Rf7 Qc2+ 50. Kg3 Qc1 51. Rxf6 Qg1+ 52. Kh3 Qf1+ 53. Kg3 Qe1+ 54. Kg2 Qc1 55. Rf7 Qc2+ 56. Kg3 Qc1 57. Kg2 Qc2+ 58. Kg3 Qc1 59. Kg2 1/2-1/2

[Event "Early-Titled-Tuesday-Blitz-March-05-2024"]
[Site "Chess.com"]
[Date "2024.03.05"]
[Round "4"]
[White "evgchess5"]
[Black "YurasovMat-2012"]
[Result "1-0"]
[WhiteElo "2939"]
[BlackElo "2610"]
[TimeControl "180+1"]
[EndTime "8:42:35 PST"]
[Termination "evgchess5 won by resignation"]

1. e4 e5 2. Nf3 Nf6 3. Nxe5 d6 4.
Nf3 Nxe4 5. d4 d5 6. Bd3 Bd6 7. O-O O-O 8. c4 c6 9. Re1 Bf5 10. Qb3 Na6 11. cxd5 cxd5 12. Nc3 Bb4 13. Be3 Bxc3 14.
bxc3 Rc8 15. Rac1 Nec5 16. dxc5 Bxd3 17. Ne5 Bg6 18. Qxb7 Nxc5 19. Qxa7 Ne4 20. Qd4 Qa5 21. c4 Nf6 22. c5 Qxa2 23. c6 Rfe8 24. f3 Qb3 25.
Bf2 Bf5 26. Rc3 Qb8 27. Rcc1 Qd6 28. Bg3 Qa3 29. h3 Be6 30. Bf2 Qf8 31. Rc3 Qd6 32. Bg3 Qf8 33. Rec1 Nh5 34. Bh2 Nf6 35. Nd3 h6 36.
Nb4 Bf5 37. Na6 Qe7 38. c7 Qe2 39. Nb8 Bd7 40. Bg3 Bb5 41. Re1 Qa2 42. Rcc1 Qa5 43. Kh2 Qa8 44. Be5 Nd7 45. Bd6 Nb6 46. Qxb6 Rxe1 47.
Rxe1 Bd7 1-0

[Event "Early-Titled-Tuesday-Blitz-March-05-2024"]
[Site "Chess.com"]
[Date "2024.03.05"]
[Round "4"]
[White "chessamical"]
[Black "Qvalda"]
[Result "1-0"]
[WhiteElo "2152"]
[BlackElo "2425"]
[TimeControl "180+1"]
[EndTime "8:42:35 PST"]
[Termination "chessamical won by resignation"]

1. d4 d5 2. Bf4 Nf6 3. e3 e6 4. Nf3 c5 5. Nbd2 Nc6 6. c3 Bd6 7. Ne5 Qc7 8. Ndf3 O-O 9. Bd3 Ne4 10. Nxc6 bxc6 11. Bxd6 Qxd6 12. Bxe4 dxe4 13. Nd2 f5 14.
Nb3 cxd4 15. Qxd4 Qxd4 16. cxd4 Ba6 17. Rc1 Rfc8 18. Nc5 Bd3 19. Nxe6 Rab8 20. b3 a5 21. Nc5 a4 22. Nxa4 Ra8 23. Nb6 Rcb8 24. Nxa8 Rxa8 25.
a4 Rb8 26. Rc3 Kf7 27. Kd2 Ke6 28. Rhc1 Kd7 29. f3 Rb6 30. Rxd3 exd3 31. Rc3 Kd6 32. Kxd3 g6 33. e4 fxe4+ 34. fxe4 Rb8 35. e5+ Kd7 36.
Kc4 Rf8 37. Rf3 Rb8 38. b4 Ke7 39. Kc5 Ra8 40. a5 Rb8 41. Kc4 Kd7 42. Rf7+ Ke6 43. Rf6+ Kd7 44. Rf7+ Ke6 45. Rxh7 Rf8 46. Rg7 Rf2 47.
Rxg6+ Kd7 48. h4 Kc7 49. h5 Rf1 50. h6 Rh1 51. Rg7+ Kb8 52. h7 Ka8 53. Rg8+ Ka7 54. h8=Q Rc1+ 55. Kb3 Rb1+ 56. Kc3 Rc1+ 57. Kb2 1-0

[Event "Early-Titled-Tuesday-Blitz-March-05-2024"]
[Site "Chess.com"]
[Date "2024.03.05"]
[Round "4"]
[White "pfalcon1949"]
[Black "ZuraTqebuchava"]
[Result "0-1"]
[WhiteElo "1933"]
[BlackElo "2248"]
[TimeControl "180+1"]
[EndTime "8:42:35 PST"]
[Termination "ZuraTqebuchava won by checkmate"]

1. e4 g6 2. d4 Bg7 3. Nc3 c6 4. f4 d6 5. Bd3 Bxd4 6. Nf3 Bg7 7.
O-O Bg4 8. Kh1 Nf6 9. h3 Bxf3 10. Qxf3 Nbd7 11. Bd2 O-O 12. Rae1 Qc7 13. g4 Ne8 14. g5 b5 15. h4 b4 16. Nd1 c5 17. b3 Rc8 18. h5 Qc6 19. Kg2 Nb6 20. Ne3 e6 21.
Rh1 d5 22. Rh3 c4 23. exd5 Nxd5 24. Be4 cxb3 25. axb3 Qd6 26. Nxd5 exd5 27. Bd3 Nc7 28. Reh1 Ne6 29. hxg6 fxg6 30. Rxh7 Nxg5 31. Rxg7+ Kxg7 32. Qg3 Nh7 33. Rxh7+ Kxh7 34. Qh4+ Kg7 35. Qg5 Qf6 36. Qxd5 Qc6 37. Be4 Qxd5 38. Bxd5 Rxc2 39. Kg3 Rxd2 40.
Bc4 Rb2 41. Kg4 Rc8 42. f5 Rxc4+ 43. bxc4 gxf5+ 44. Kxf5 Rc2 45. Ke5 Rxc4 46. Kd5 Rc3 47. Kd4 a5 48. Kd5 a4 49. Kd4 a3 50. Kd5 a2 51. Kd4 a1=Q 52. Kd5 Qd1+ 53. Ke4 Rc2 54. Ke5 Re2+ 55. Kf4 Qf1+ 56. Kg5 Rg2+ 57. Kh4 Qh1# 0-1

[Event "Early-Titled-Tuesday-Blitz-March-05-2024"]
[Site "Chess.com"]
[Date "2024.03.05"]
[Round "4"]
[White "guillembaches"]
[Black "GaiozNigalidze"]
[Result "0-1"]
[WhiteElo "2525"]
[BlackElo "2704"]
[TimeControl "180+1"]
[EndTime "8:42:38 PST"]
[Termination "GaiozNigalidze won on time"]

1. d4 g6 2. Nf3 Bg7 3. c3 a6 4.
Bg5 b5 5. Nbd2 Bb7 6. e4 d6 7. Bd3 Nd7 8. O-O Nb6 9. Re1 Qd7 10. Qc2 e5 11. dxe5 dxe5 12. Nb3 h6 13. Bh4 g5 14.
Bg3 Qe7 15. Na5 Rb8 16. Rad1 h5 17. h4 g4 18. Nd2 Nf6 19. c4 O-O 20. cxb5 axb5 21.
Nxb7 Rxb7 22. Bxb5 Ra7 23. a4 Nfd7 24. Nf1 Nc5 25.
Ne3 Ne6 26. Nf5 Qf6 27. b3 Nf4 28. Bf1 Ne6 29. Rc1 Re8 30. Bb5 Rd8 31. Qe2 Nd4 32. Nxd4 exd4 33. Bd3 Rd7 34. Rc5 Re7 35. Rxh5 Nd7 36.
e5 Qb6 37. Bc4 Nf8 38. Qe4 Qg6 39. Bd3 Qxh5 40. Qxd4 c5 41. Qd8 Rad7 42. Qc8 Rxd3 43. e6 Rxe6 44. Rxe6 fxe6 45. a5 Rxb3 46. a6 Rb1+ 47.
Kh2 Ra1 48. Qb7 Qd5 49. Qb6 Qd1 0-1

[Event "Early-Titled-Tuesday-Blitz-March-05-2024"]
[Site "Chess.com"]
[Date "2024.03.05"]
[Round "4"]
[White "NovozhilovSemen"]
[Black "LeoLV10"]
[Result "0-1"]
[WhiteElo "2631"]
[BlackElo "2484"]
[TimeControl "180+1"]
[EndTime "8:42:38 PST"]
[Termination "LeoLV10 won by resignation"]

1. d4 Nf6 2. Nf3 e6 3. e3 c5 4. Bd3 Nc6 5. O-O d5 6. b3 cxd4 7. exd4 Bd6 8. Bb2 Qc7 9. a3 O-O 10. Qe2 b6 11. Ne5 Bb7 12. f4 Ne4 13. Bxe4 dxe4 14.
Nd2 f5 15. Ndc4 Nxe5 16. fxe5 Be7 17. a4 Rac8 18. Ba3 Ba6 19. Bd6 Bxc4 20. Qxc4 Qxc4 21. bxc4 Bxd6 22. exd6 Rfd8 23. d5 Rxd6 24. dxe6 g6 25. a5 Rxe6 26. axb6 axb6 27. Ra7 Rec6 28. Rd1 R8c7 29.
Rd8+ Kg7 30. Rd7+ Rxd7 31. Rxd7+ Kh6 32. Rd4 Kg5 33. Kf2 Kf4 34. g3+ Ke5 35. Ke3 h5 36. Rd5+ Ke6 37. Rd4 Rc5 38. h4 Ke5 39. Rd8 Rxc4 40.
Re8+ Kf6 41. Rb8 Rc3+ 42. Kd4 Rc6 43. c4 Rd6+ 44. Ke3 Ke7 45. Kf4 Kd7 46. Rg8 Kc6 47.
Rc8+ Kb7 48. Rg8 Kc7 49. Rf8 Rc6 50. Rg8 Re6 51. Ke3 Kd6 52. Rd8+ Kc5 53. Rc8+ Rc6 54. Rd8 Kxc4 55. Rd1 b5 56. Rc1+ Kd5 57. Rb1 Kc5 58.
Rc1+ Kb6 59. Rb1 Rd6 60. Kf4 Rd3 61. g4 hxg4 62. Kg5 Rd6 63. Rb3 Kc5 64. Rc3+ Kd4 65.
Rb3 Kc4 66. Rg3 b4 67. Rg1 b3 68. Rc1+ Kb4 69. Rc8 Rb6 70. Rc1 b2 71. Rc6 Rxc6 0-1

[Event "Early-Titled-Tuesday-Blitz-March-05-2024"]
[Site "Chess.com"]
[Date "2024.03.05"]
[Round "4"]
[White "AsterPhoenix"]
[Black "GM4life"]
[Result "0-1"]
[WhiteElo "2655"]
[BlackElo "2485"]
[TimeControl "180+1"]
[EndTime "8:42:39 PST"]
[Termination "GM4life won by resignation"]

1. e4 c5 2. Nf3 d6 3. d4 cxd4 4. Nxd4 Nf6 5. Nc3 g6 6. Be3 Bg7 7. f3 O-O 8. Bc4 Nc6 9. Qd2 Bd7 10. O-O-O Na5 11. Bb3 Rb8 12. Kb1 b5 13. h4 Nc4 14.
Bxc4 bxc4 15. Ka1 Qa5 16. Nd5 Qd8 17. h5 Nxd5 18. exd5 Qb6 19. c3 Qa5 20. hxg6 fxg6 21.
Bh6 Rf7 22. Bxg7 Rxg7 23. Ne6 Bxe6 24. dxe6 Qb5 25. Rb1 a5 26. g4 a4 27. a3 g5 28.
Rh5 Rf8 29. Qe3 Qd5 30. Rf1 Rf6 31. f4 Qxe6 32. Qxe6+ Rxe6 33. fxg5 Re4 34. Rf5 Rxg4 35. Ra5 Kf7 36. Rxa4 d5 37. Ra6 R4xg5 38. Rah6 Rxh5 39.
Rxh5 Ke6 40. Ka2 Kd6 41. a4 e5 42. Ka3 e4 43. a5 e3 44. Rh2 Re7 45. Re2 Kc5 46. Ka4 h5 47. b4+ cxb3 48. Kxb3 Kb5 49.
c4+ dxc4+ 50. Kc3 h4 51. Rb2+ Kxa5 52. Kxc4 e2 53. Kc5 Rc7+ 54. Kd6 e1=Q 55. Ra2+ Kb4 56.
Kxc7 Qg3+ 57. Kb6 Qg1+ 58. Ka6 Qg6+ 59. Kb7 Qf7+ 60. Kb6 Qxa2 0-1

[Event "Early-Titled-Tuesday-Blitz-March-05-2024"]
[Site "Chess.com"]
[Date "2024.03.05"]
[Round "4"]
[White "Doublekk14"]
[Black "elmusmolamas"]
[Result "1-0"]
[WhiteElo "2357"]
[BlackElo "2505"]
[TimeControl "180+1"]
[EndTime "8:42:39 PST"]
[Termination "Doublekk14 won by resignation"]

1. c4 e5 2. Nc3 Nc6 3. e3 Nf6 4.
Nf3 Bb4 5. Qc2 O-O 6. d3 d5 7.
cxd5 Nxd5 8. Bd2 Re8 9. a3 Bf8 10. Be2 Bg4 11. h3 Bh5 12. Ne4 Nf6 13. O-O Qd5 14.
Nxf6+ gxf6 15. Rac1 Rad8 16. Rfd1 Kh8 17. Qc4 Qd7 18. Qh4 Bg6 19. Qxf6+ Bg7 20. Qh4 Qe7 21. Qxe7 Rxe7 22. e4 Red7 23. Bg5 f6 24. Be3 f5 25. exf5 Bxf5 26. Bg5 Rf8 27. Nh4 Be6 28. Nf3 h6 29. Be3 Bb3 30. Re1 Bf7 31. Nd2 e4 32. Nxe4 Bxb2 33.
Rb1 Bg7 34. Rxb7 Nd4 35. Bg4 Re7 36. Rc1 Be5 37. Bxd4 Bxd4 38. Rcxc7 Rxc7 39. Rxc7 h5 40. Bf3 Bg6 41. Rd7 Be5 42. Rd5 Bf4 43. Ng5 Rb8 44. g3 Rb1+ 45. Kg2 Bb8 46. Be4 Be8 47. Ne6 Bc6 48. Rxh5+ Kg8 49. Bxc6 1-0

[Event "Early-Titled-Tuesday-Blitz-March-05-2024"]
[Site "Chess.com"]
[Date "2024.03.05"]
[Round "4"]
[White "annamaja"]
[Black "matagordo"]
[Result "0-1"]
[WhiteElo "2444"]
[BlackElo "2241"]
[TimeControl "180+1"]
[EndTime "8:42:39 PST"]
[Termination "matagordo won on time"]

1. e4 e6 2. d4 d5 3. exd5 exd5 4. c4 Bb4+ 5. Nc3 Nf6 6. Bd3 O-O 7. Ne2 dxc4 8.
Bxc4 Nc6 9. O-O Bg4 10. f3 Bh5 11. Bg5 h6 12. Bh4 Re8 13. Qd3 Na5 14. Nf4 Nxc4 15.
Nxh5 Nxb2 16. Qd2 Qd6 17. Bxf6 Nc4 18. Qc1 Ba3 19. Qc2 Ne3 20. Qb3 Nxf1 21. Ne4 Qxh2+ 22. Kf2 Qxh5 23. Qxa3 Rxe4 24. fxe4 Nh2 25. Qg3 Ng4+ 26. Kg1 Nxf6 27. e5 Qg4 28. Qf2 Ne4 29. Qe3 Rd8 30.
Rf1 c5 31. Rf4 Qd1+ 32. Kh2 Ng5 33. e6 fxe6 34. dxc5 Qh5+ 35. Kg1 Rd1+ 36. Kf2 Rd5 37. c6 bxc6 38. Qxa7 Rf5 39. Qa8+ Kh7 40. Rxf5 exf5 41. Qxc6 Qh4+ 42. Kf1 Qf4+ 43. Kg1 Ne4 44. Qc2 Ng3 45. a4 Qe3+ 46. Kh2 Nf1+ 47. Kh1 Ng3+ 48. Kh2 Ne2 49. Qxf5+ Kg8 50. Qc8+ Kf7 51. Qd7+ Kg6 52. Qg4+ Kf6 0-1

[Event "Early-Titled-Tuesday-Blitz-March-05-2024"]
[Site "Chess.com"]
[Date "2024.03.05"]
[Round "4"]
[White "Orest_Vovk"]
[Black "Nemegejas"]
[Result "0-1"]
[WhiteElo "2560"]
[BlackElo "2791"]
[TimeControl "180+1"]
[EndTime "8:42:40 PST"]
[Termination "Nemegejas won on time"]

1. h4 d5 2. h5 e5 3. h6 Nxh6 4. d4 exd4 5. Bxh6 gxh6 6. Qxd4 Rg8 7. Nc3 Nc6 8. Qxd5 Be6 9. Qb5 Rg5 10. Qxb7 Nb4 11. Rc1 Rb8 12. Qe4 Bg7 13. Nf3 Rc5 14. e3 Nd5 15. Nxd5 Qxd5 16. Qxd5 Bxd5 17. Bd3 Bxb2 18.
Rd1 Bxa2 19. Rxh6 a5 20. Ke2 Ra8 21. Nd4 a4 22. Rxh7 Ke7 23. Nf5+ Rxf5 24. Bxf5 a3 25. Rd7+ Kf6 26. g4 Bc4+ 27. Kf3 a2 28. Rh6+ Kg7 29.
Rh7+ Kg8 30. Rh1 c5 31. Rc7 a1=Q 32. Rxa1 Bxa1 33. Rxc5 Ba6 34. Rc6 Bb7 35. Be4 Bxc6 36. Bxc6 Rc8 37. Be4 Bc3 38. Kg3 Rc5 39. f4 f6 40. Kf3 Kf8 41. Bd3 Ke7 42. e4 Kd6 43.
Ke3 Bb2 44. Kf3 Bc1 45. Kg3 Rc3 46. Kf3 Kc5 47. e5 fxe5 48. f5 Bg5 49. Ke4 Kd6 50. Kf3 Kd5 51. Ke2 e4 0-1

[Event "Early-Titled-Tuesday-Blitz-March-05-2024"]
[Site "Chess.com"]
[Date "2024.03.05"]
[Round "4"]
[White "KuzubovYuriy"]
[Black "AlexPapasimakopoulos"]
[Result "0-1"]
[WhiteElo "2965"]
[BlackElo "2751"]
[TimeControl "180+1"]
[EndTime "8:42:41 PST"]
[Termination "AlexPapasimakopoulos won by resignation"]

1. d4 e6 2. c4 d5 3. Nc3 a6 4. cxd5 exd5 5. Nf3 c6 6. Bf4 Bd6 7. e3 Bxf4 8. exf4 Bg4 9. h3 Bxf3 10. Qxf3 Ne7 11. Bd3 O-O 12. Rd1 Nd7 13. g3 Re8 14. Kf1 Nf8 15. Kg2 Qd7 16. Bc2 b5 17. Ne2 a5 18. Ng1 Nf5 19. Qg4 Nd6 20. Nf3 Qxg4 21. hxg4 f6 22. Bd3 a4 23. Rc1 Nc4 24. b3 axb3 25.
axb3 Na5 26. Bc2 Re2 27. Kf1 Rae8 28. g5 Nb7 29. gxf6 gxf6 30. Bd1 R2e6 31. Kg2 b4 32. Bc2 Re2 33. Rhd1 Nd6 34. Kf1 R2e7 35. Bd3 Rc8 36. Rc5 Ne4 37. Ra5 Nc3 38. Re1 Rec7 39. Bf5 Rb8 40.
Rea1 Nb5 41. Bd3 Nc3 42. Ra8 Rxa8 43. Rxa8 Kf7 44. f5 Kg7 45. Rb8 Na2 46. Be2 Nd7 47. Ne1 Nxb8 48. Nd3 Nd7 49. Nf4 Nf8 50. Bf3 Nc3 51.
Ke1 Nb5 52. Kd1 Nxd4 53. Ne2 Nxb3 0-1